Zazza, neutral female human Tourist ----------- -.....#...| ##|.........| ------- #...........####G@######-.....| #|{........|# # |.....| ##|.........|# ###|.....| ##-----------# #|.....| ############### ------- ----- # |...| ### |...| # |....## -------------- - |...| |..............| |....######|..............| |...| #-.....>........| ----- ---------------- Zazza the Rambler Experience level: 2 Strength: 11 Dexterity: 10 Constitution: 18 Intelligence: 12 Wisdom: 9 Charisma: 18 Health: 0(25) Energy: 6(6) Def: 6 Gold: 1016 Moves: 2444 Dungeon seed: n8iukG__606I88z3 Game ID: Zazza_1598719566 Your Inventory: Coins $ - 1016 gold pieces Weapons a - 23 +2 darts (in quiver) o - a +0 orcish dagger B - a +0 dagger C - a +0 elven dagger (weapon in hand) F - a blessed +2 sling I - a +0 mace P - 7 +0 arrows Q - a +0 bow R - a cursed +0 crossbow S - 5 +0 crossbow bolts Armor e - an uncursed +0 Hawaiian shirt (being worn) n - an uncursed +0 ring mail (being worn) y - a blessed +2 orcish helm (being worn) Comestibles c - 4 uncursed tripe rations d - an uncursed banana f - an uncursed food ration g - an uncursed egg h - an uncursed carrot E - an uncursed melon G - an uncursed lembas wafer Scrolls k - 3 uncursed scrolls of magic mapping s - an uncursed scroll of destroy armor Potions i - an uncursed potion of extra healing p - an uncursed potion of booze z - an uncursed potion of oil A - an uncursed potion of fruit juice L - a blessed potion of confusion M - an uncursed potion of blindness Wands x - a wand of teleportation (0:6) Tools l - an expensive camera (0:30) m - an uncursed credit card r - an uncursed tin whistle u - an uncursed tooled horn J - an uncursed tallow candle (0:200) O - a +0 pick-axe Gems q - an uncursed worthless piece of white glass N - 2 uncursed worthless pieces of red glass Y - an uncursed worthless piece of yellow glass Spells and supernatural/magical abilities: Name Level Category Fail Memory W - pray for help -- divine ? -- Your skills at the end: Fighting Skills Weapon Skills dart [Basic] Spellcasting Skills Final Attributes: You were devoutly aligned. You are dead. Vanquished creatures: a shrieker a floating eye a coyote a gas spore 3 hobbits 6 giant rats a green mold 6 gnomes a gnome zombie 2 geckos 7 jackals a fox 3 goblins 3 sewer rats 3 grid bugs 2 lichens 2 kobold zombies 4 newts 48 creatures vanquished. Voluntary challenges: You used a wielded weapon 16 times, starting on turn 342. You read items or engraved 4 times, starting on turn 62. You never genocided any monsters. You never polymorphed an object. You never changed form. You used no wishes. You never split a pudding. You wrote Elbereth's name 2 times, starting on turn 1266. You never violated your personal moral code. Dungeon overview: The Dungeons of Doom: levels 1 to 6 Level 1 an altar to Blind Io a long staircase Level 2 a fountain, a sink Level 3 an altar to Offler a long staircase Level 4 an altar to The Lady Level 5 many fountains Level 6 <- You were here a fountain, a sink History has recorded: On T:1 you entered the Dungeons of Doom to retrieve the Amulet of Yendor! On T:272 you reached level 2 of The Dungeons of Doom. On T:717 you reached level 3 of The Dungeons of Doom. On T:1331 you reached level 4 of The Dungeons of Doom. On T:1969 you reached level 5 of The Dungeons of Doom. On T:2258 you reached level 6 of The Dungeons of Doom. On T:2425 you advanced to experience level 2. Score breakdown: Gold: 550 ( 9324 points) Experience: 2 levels ( 5570 points) Exploration: 6 levels ( 11.76%) ( 9486 points) Discoveries: 1 item ( 0.34%) ( 1737 points) Valuables value: (no points given unless you survive) Artifact value: 0 ( 0 points) Variety of kills: 18 monsters ( 4.72%) ( 6520 points) Turncount: 2444 turns ( -297 points) Survival: died (score multiplied by 80%) Total score: 25872 Latest messages: The gnome hits! You hit the gnome. You kill the gnome! You are hit by a crossbow bolt. There are a few objects here. P - 7 arrows. You have a little trouble lifting Q - a bow. Your movements are slowed slightly because of your load. There are a few objects here. You have a little trouble lifting R - a crossbow. You have a little trouble lifting S - 5 crossbow bolts. You miss the gnome. The gnome swings his crossbow. The gnome hits! You hit the gnome. The gnome swings his crossbow. The gnome just misses! You miss the gnome. (2x) The gnome swings his crossbow. The gnome hits! You hit the gnome. The gnome swings his crossbow. The gnome hits! You die... Final status: Aloha Zazza the Tourist, killed by a gnome... You died in The Dungeons of Doom on dungeon level 6 with 25872 points, and 1016 pieces of gold, after 2444 moves. You were level 2 with a maximum of 25 hit points when you died.